 Dungeon Crawl Stone Soup version 0.31-a0-150-g89dc3ad700 (webtiles) character file.

Game seed: 3812695355359208368

74 qw the Shooter (level 4, -1/38 HPs)
             Began as a Minotaur Hunter on June 8, 2023.
             Killed from afar by Sigmund (2 damage)
             ... with a puff of flame
             ... on level 3 of the Dungeon.
             The game lasted 00:00:37 (1303 turns).

qw the Shooter (Minotaur Hunter)                    Turns: 1303, Time: 00:00:37

Health: -1/38      AC:  5    Str: 16    XL:     4   Next: 10%
Magic:  3/3        EV: 16    Int:  6    God:
Gold:   38         SH:  0    Dex: 15    Spells: 3/3 levels left

rFire   . . .        Y - +0 shortbow (freeze)
rCold   . . .        (shield currently unavailable)
rNeg    . . .        d - +0 ring mail
rPois   .            (helmet restricted)
rElec   .            (no cloak)
rCorr   .            (no gloves)
SInv    .            (no boots)
Will    .....        c - amulet of faith Stlth
                     j - +5 ring of evasion
HPRegen 0.26/turn    (no ring)
MPRegen 0.08/turn

%: faith
@: confused
A: horns 2, retaliatory headbutt
a: no special abilities


You were on level 3 of the Dungeon.
You visited 1 branch of the dungeon, and saw 3 of its levels.

You collected 38 gold pieces.


Innate Abilities, Weirdness & Mutations

You have a pair of horns on your head.
You reflexively headbutt those who attack you in melee.


   Skills:
 - Level 3.0 Fighting
 + Level 5.8 Ranged Weapons
 - Level 1.0 Armour
 - Level 2.1 Dodging
 - Level 0.7 Stealth


You had 3 spell levels left.
You didn't know any spells.
Your spell library was empty.

Inventory:

Hand Weapons
 b - a +1 sling of flaming
 Y - a +0 shortbow of freezing (weapon)
Armour
 d - a +0 ring mail (worn)
Jewellery
 c - an amulet of faith (around neck)
 j - a +5 ring of evasion (left hand)
Potions
 a - a potion of curing {unknown}

Dungeon Overview and Level Annotations

Branches:
Dungeon (3/15)

Altars:

Annotations:
D:3 Sigmund


Message History

Sigmund closely misses you.
You shoot an arrow. The arrow hits Sigmund.
The arrow freezes Sigmund.
Sigmund is heavily wounded.
You shoot an arrow.
The arrow hits Sigmund but does no damage.
Sigmund is heavily wounded.
Sigmund hits you from afar with a +0 scythe.
You shoot an arrow. The arrow barely misses Sigmund.
Sigmund closely misses you.
You shoot an arrow. The arrow completely misses Sigmund.
Sigmund zaps a wand.
The puff of flame hits you.
You shoot an arrow. The arrow closely misses Sigmund.
Sigmund hits you from afar with a +0 scythe.
You shoot an arrow.
The arrow hits Sigmund but does no damage.
Sigmund is heavily wounded.
A bat comes into view.
Sigmund zaps a wand.
The puff of flame hits you.
You shoot an arrow. The arrow closely misses Sigmund.
Sigmund completely misses you.
You shoot an arrow.
The arrow hits Sigmund but does no damage.
Sigmund is heavily wounded.
Sigmund casts a spell at you. The puff of flame misses you.
You shoot an arrow. The arrow closely misses Sigmund.
Sigmund casts a spell at you.
You are confused.
Sigmund closely misses you. Sigmund gestures at you while chanting.
You are more confused.
Sigmund closely misses you.
Sigmund hits you from afar with a +0 scythe.
Sigmund hits you from afar with a +0 scythe.
Sigmund closely misses you.
Sigmund hits you from afar with a +0 scythe.
Sigmund casts a spell at you. The puff of flame hits you!
Sigmund zaps a wand.
The puff of flame hits you.
You die...

#.# ###
#.# ...$
#.# ...
#.##.#
#.#..#
#....#
##..#
#<..#
##@.#
....b@...#
#######.##
..# ..#
..$. ..##
...


You could see Sigmund and a bat.

Vanquished Creatures
  An adder (D:2)
  A gnoll (D:1)
  2 worms (D:2)
  2 dart slugs
  4 endoplasms
  2 giant cockroaches
  5 goblins
  5 hobgoblins (D:1)
  3 jackals (D:1)
  3 quokkas
  3 ball pythons (D:1)
  3 bats
  A frilled lizard (D:1)
  4 kobolds
  3 rats
42 creatures vanquished.

Notes
Turn   | Place    | Note
-------+----------+-------------------------------------------
     0 | D:1      | qw the Minotaur Hunter began the quest for the Orb.
     0 | D:1      | Reached XP level 1. HP: 18/18 MP: 0/0
     0 | D:1      | 0 ||| qw: Version: 0.2-a-119-g7aa9181
     0 | D:1      | 0 ||| qw: Game counter: 2855
     0 | D:1      | 0 ||| qw: Always use a shield: true
     0 | D:1      | 0 ||| qw: God list: Okawaru
     0 | D:1      | 0 ||| qw: Allow faded altars: false
     0 | D:1      | 0 ||| qw: Do Orc after D:15 true
     0 | D:1      | 0 ||| qw: Do second Lair branch before Depths: true
     0 | D:1      | 0 ||| qw: Lair rune preference: random
     0 | D:1      | 0 ||| qw: Plans: Normal
     0 | D:1      | 0 ||| PLANNING D:1-11
   157 | D:1      | Reached skill level 5 in Ranged Weapons
   157 | D:1      | Reached XP level 2. HP: 23/25 MP: 1/1
   199 | D:1      | 199 ||| FLEEEEING.
   200 | D:1      | 200 ||| FLEEEEING.
   201 | D:1      | 201 ||| FLEEEEING.
   202 | D:1      | 202 ||| FLEEEEING.
   203 | D:1      | 203 ||| FLEEEEING.
   204 | D:1      | 204 ||| FLEEEEING.
   205 | D:1      | 205 ||| FLEEEEING.
   237 | D:1      | 237 ||| FLEEEEING.
   313 | D:1      | Reached skill level 3 in Fighting
   385 | D:1      | Reached XP level 3. HP: 31/31 MP: 2/2
   580 | D:1      | 580 ||| UPGRADING to +0 ring mail.
   590 | D:1      | 590 ||| DROPPING +0 leather armour.
   591 | D:1      | 591 ||| UPGRADING to +5 ring of evasion.
   592 | D:1      | 592 ||| READING scroll labelled ISAZOHUIRI.
   597 | D:1      | 597 ||| READING scroll labelled VOTREKHL RUFO.
   598 | D:1      | 598 ||| READING scroll labelled XAUZYF OL QEM.
   599 | D:1      | 599 ||| READING scroll labelled CIF SAKLOBAO.
   600 | D:1      | 600 ||| READING scroll labelled PUDIOF ITYSE.
   601 | D:1      | 601 ||| READING scroll labelled JUYNGEPRED.
   602 | D:1      | 602 ||| DROPPING scroll of butterflies.
   713 | D:2      | Reached skill level 1 in Armour
   887 | D:2      | Reached XP level 4. HP: 36/38 MP: 3/3
  1256 | D:2      | 1256 ||| UPGRADING to amulet of faith.
  1269 | D:3      | Noticed Sigmund
  1300 | D:3      | HP: 9/38 [Sigmund/+0 scythe (3)]
  1302 | D:3      | HP: 1/38 [Sigmund/puff of flame (9)]
  1303 | D:3      | Killed from afar by Sigmund

Levels and vault maps discovered:
D:1:      lemuel_arrival_room, layout_basic
D:2:      layout_basic
D:3:      layout_basic, bloody_trog, uniq_ijyb, uniq_sigmund

Skill      XL: |  1  2  3 |
---------------+----------+-----
Ranged Weapons | 5 |  5.8
Fighting       | 3 |  3.0
Armour         | 1 |  1.0
Dodging        | |  2.1
Stealth        | |  0.7

Action                     |  1- 3 |  4- 6 || total
---------------------------+-------+-------++-------
   Fire: Shortbow          |    99 |    24 ||   123
    Use: Scroll            |     6 |       ||     6
 Armour: Leather armour    |     5 |       ||     5
         Ring mail         |     2 |     1 ||     3
  Dodge: Dodged            |    31 |    19 ||    50

Table legend:
 A = Non-vault XP
 B = Vault XP
 C = Vault XP percentage of total XP
 D = Non-vault monster count
 E = Vault monster count
 F = Vault count percentage of total count
                 A         B        C        D         E       F
            +---------+---------+-------+---------+---------+-------
      Total |     107 |       0 |   0.0 |      42 |       0 |   0.0
            +---------+---------+-------+---------+---------+-------
        D:1 |      58 |       0 |   0.0 |      27 |       0 |   0.0
        D:2 |      47 |       0 |   0.0 |      14 |       0 |   0.0
        D:3 |       2 |       0 |   0.0 |       1 |       0 |   0.0
            +---------+---------+-------+---------+---------+-------
